 Dungeon Crawl Stone Soup version 0.30-a0-218-gedb9141078 (webtiles) character file.

Game seed: 3034537983592499130

11656 Pooter the Cleaver (level 11, -3/101 HPs)
             Began as a Minotaur Berserker on Oct 5, 2022.
             Was a High Priest of Trog.
             Engulfed by a cloud of flame (18 damage)
             ... on level 2 of the Orcish Mines.
             The game lasted 01:09:33 (9736 turns).

Pooter the Cleaver (Minotaur Berserker)             Turns: 9736, Time: 01:09:34

Health: -3/101     AC: 14    Str: 31    XL:     11   Next: 52%
Magic:  0/10       EV:  8    Int:  4    God:    Trog [*****.]
Gold:   124        SH:  0    Dex: 11    Spells: 10/10 levels left

rFire   . . .      SeeInvis +    a - +4 battleaxe (drain)
rCold   . . .      Faith    .    (shield currently unavailable)
rNeg    . . .      Spirit   +    W - +0 plate armour
rPois   .          Reflect  .    (helmet restricted)
rElec   .          Harm     .    q - +0 cloak
rCorr   .          Rampage  .    (no gloves)
Will    ++...                    e - +0 pair of boots
Stlth   ..........               G - amulet of guardian spirit
HPRegen 1.36/turn                S - ring of see invisible
MPRegen 0.12/turn                y - +6 ring of strength

@: strong-willed, regenerating
A: horns 2, retaliatory headbutt
a: Renounce Religion, Berserk, Trog's Hand, Brothers in Arms


You were on level 2 of the Orcish Mines.
You worshipped Trog.
Trog was extremely pleased with you.
You visited 2 branches of the dungeon, and saw 12 of its levels.
You also visited: Sewer.

You collected 1583 gold pieces.
You spent 1459 gold pieces at shops.

Inventory:

Hand Weapons
 a - a +4 battleaxe of draining (weapon)
   (You took it off a wight on level 8 of the Dungeon)
 b - a +3 arbalest
   (You took it off an orc warrior on level 1 of the Orcish Mines)
 i - a +1 trident of flaming
   (You found it on level 4 of the Dungeon)
 w - the +3 whip "Haerog" {venom, Str+2 Int+2 SInv}
   (You bought it in a shop on level 6 of the Dungeon)

   It poisons the flesh of those it strikes.
   Str:       It affects your strength (+2).
   Int:       It affects your intelligence (+2).
   SInv:      It lets you see invisible.
 A - a +4 battleaxe of freezing
   (You took it off a wight on level 6 of the Dungeon)
 Z - a +4 dire flail
   (You took it off a wight on level 7 of the Dungeon)
Missiles
 o - 5 javelins
 r - 22 poisoned darts
 F - 7 boomerangs (quivered)
 L - 3 curare-tipped darts
 Q - 67 stones
Armour
 e - a +0 pair of boots (worn)
   (You found it on level 2 of the Dungeon)
 m - a +1 chain mail of poison resistance
   (You found it on level 2 of the Dungeon)
 q - a +0 cloak (worn)
   (You found it on level 3 of the Dungeon)
 D - the +5 kite shield "Xinatar" {Stlth+}
   (You found it on level 5 of the Dungeon)

   Stlth:     It makes you more stealthy.
 W - a +0 plate armour (worn)
   (You took it off an orc warrior on level 2 of the Orcish Mines)
Jewellery
 j - a ring of flight
   (You bought it in a shop on level 2 of the Orcish Mines)
 y - a +6 ring of strength (right hand)
   (You bought it in a shop on level 2 of the Orcish Mines)
 G - an amulet of guardian spirit (around neck)
   (You found it on level 7 of the Dungeon)
 I - a ring of protection from cold
   (You found it on level 5 of the Dungeon)
 K - a +4 ring of protection
   (You found it on level 6 of the Dungeon)
 O - a ring of fire
   (You found it on level 6 of the Dungeon)
 S - a ring of see invisible (left hand)
   (You bought it in a shop on level 2 of the Orcish Mines)
Wands
 d - a wand of iceblast (2)
   (You found it on level 9 of the Dungeon)
 f - a wand of flame (8)
   (You found it on level 9 of the Dungeon)
 u - a wand of paralysis (10)
   (You found it on level 9 of the Dungeon)
 H - a wand of mindburst (11)
   (You found it on level 6 of the Dungeon)
 M - a wand of polymorph (10)
   (You found it on level 6 of the Dungeon)
Scrolls
 g - a scroll of silence
 k - 5 scrolls of butterflies
 l - a scroll of enchant armour
 s - 2 scrolls of magic mapping
 t - 2 scrolls of teleportation {@r4}
 z - a scroll of blinking
 E - 2 scrolls of vulnerability {!r}
 J - a scroll of poison {!r}
 N - a scroll of enchant weapon {unknown}
 T - a scroll of summoning {unknown}
 Y - a scroll of noise {!r}
Potions
 c - 5 potions of might
 h - 4 potions of haste {@q3}
 n - a potion of resistance {unknown}
 p - 3 potions of curing {@q1}
 v - 2 potions of invisibility {unknown}
 x - 3 potions of flight {unknown}
 B - 3 potions of mutation {unknown}
 P - 2 potions of cancellation {unknown}
 R - a potion of degeneration {unknown}
 U - a potion of brilliance {unknown}
 V - 2 potions of heal wounds {unknown}
 X - 3 potions of magic {unknown}


   Skills:
 + Level 10.6 Fighting
 * Level 14.4 Axes
 * Level 9.4 Ranged Weapons
 + Level 4.0 Armour
 - Level 2.1 Dodging
 - Level 4.7 Shields
 - Level 5.2 Evocations


You had 10 spell levels left.
You didn't know any spells.
Your spell library was empty.

Dungeon Overview and Level Annotations

Branches:
Dungeon (10/15)            Temple (0/1) D:4            Lair (0/5) D:9
    Orc (2/2) D:9           Sewer (visited)
    Elf: Orc:2

Altars:
Cheibriados
Vehumet
Zin

Shops:
D:6 ((:   D:8 (   Orc:1 =   Orc:2 ?=

Annotations:
D:2 1 runed translucent door, Crazy Yiuf
D:6 3 runed translucent doors, freelancePsychic's ghost, novice GnRe


Innate Abilities, Weirdness & Mutations

You have a pair of horns on your head.
You reflexively headbutt those who attack you in melee.


Message History

An orc comes into view. It is wielding a +0 hand axe.
The orc warrior hits you but does no damage.
You closely miss the orc wizard. You hit the orc warrior.
Flame seeps out of the orc warrior.
The orc warrior is engulfed in blazing flames.
Flame seeps out of the orc warrior.
The orc warrior barely misses you.
The orc wizard hits you but does no damage.
You hit the orc wizard.
Flame seeps out of the orc wizard.
You hit the orc.
Flame seeps out of the orc.
You closely miss the orc warrior. You slice the orc priest!!
Trog accepts your kill.
The orc priest explodes!
The fiery explosion engulfs the orc warrior!!
Trog accepts your kill.
Trog will now gift you melee weapons as you gain piety.
The fiery explosion engulfs you!!
The fiery explosion engulfs the orc warrior!
Trog accepts your kill.
The fiery explosion engulfs the orc wizard!!
Trog accepts your kill.
Trog appreciates your killing of a magic user.
The orc wizard explodes!
The fiery explosion engulfs the orc!!!
Trog accepts your kill.
The fiery explosion engulfs the orc priest!!!
Trog accepts your kill. The fiery explosion engulfs you!!
* * * LOW MAGIC WARNING * * *
* * * LOW HITPOINT WARNING * * *
The orc priest explodes!
The orc explodes!
The fiery explosion engulfs you!!
* * * LOW MAGIC WARNING * * *
* * * LOW HITPOINT WARNING * * *
The orc warrior explodes!
The fiery explosion engulfs the orc wizard!!
Trog accepts your kill.
Trog appreciates your killing of a magic user.
The fiery explosion engulfs you!
* * * LOW MAGIC WARNING * * *
* * * LOW HITPOINT WARNING * * *
The orc wizard explodes!
The fiery explosion engulfs the orc warrior!!
Trog accepts your kill.
The fiery explosion engulfs the orc wizard!!
Trog accepts your kill.
Trog appreciates your killing of a magic user.
The orc wizard explodes!
The orc warrior explodes! x2
You are engulfed in blazing flames.
* * * LOW MAGIC WARNING * * *
You die...

..................).
........................
)...o...................
.......................)
..)§.§§.................
...§§§§§§...............
....§§§§§...............
...o8§○○○§..............
....§§§@§§..............
..8.∩§8))...............
......).)...............
....8..)................
........................
........................
.................#.
..................
.........##...#..


You could see an orc priest (inner flame) and an orc.

Vanquished Creatures
  2 orc high priests (Orc:2)
  An orc knight (D:9)
  Pikel (D:5)
  An orc sorcerer (Orc:2)
  A hornet (D:9)
  2 trolls
  2 wyverns
  4 hogs (D:9)
  2 steam dragons
  Grum (D:8)
  A human (D:9)
  4 wargs
  2 water moccasins
  17 orc warriors
  2 sky beasts
  3 black bears
  3 ice beasts (D:7)
  8 ogres
  4 wolves (D:8)
  3 centaurs
  3 phantoms
  A kobold brigand (D:9)
  4 bullfrogs
  5 scorpions
  18 wights
  6 killer bees
  3 howler monkeys (D:8)
  3 jellies
  10 orc priests
  A hound (D:7)
  An iguana (D:5)
  26 orc wizards
  A hell rat (Sewer)
  A gnoll (D:4)
  3 adders
  2 river rats
  A shadow imp (D:7)
  3 ufetubi
  2 worms (D:4)
  2 dart slugs
  59 orcs
  11 ball pythons
  5 endoplasms
  5 giant cockroaches
  8 hobgoblins
  4 jackals
  16 kobolds
  7 quokkas
  3 bats
  7 frilled lizards
  12 goblins
  13 rats
  A bush (D:2)
311 creatures vanquished.

Vanquished Creatures (others)
  An orc wizard (D:8)
  3 fungi
  5 plants (D:9)
9 creatures vanquished.

Grand Total: 320 creatures vanquished

Notes
Turn   | Place    | Note
-------+----------+-------------------------------------------
     0 | D:1      | Pooter the Minotaur Berserker began the quest for the Orb.
     0 | D:1      | Reached XP level 1. HP: 19/19 MP: 0/0
    91 | D:1      | Reached skill level 4 in Axes
   128 | D:1      | Reached XP level 2. HP: 27/27 MP: 1/1
   714 | D:1      | Reached XP level 3. HP: 25/33 MP: 2/2
   908 | D:1      | Reached ** piety under Trog
  1181 | D:2      | Reached skill level 5 in Axes
  1252 | D:2      | Found a glowing silver altar of Zin.
  1979 | D:2      | Found a runed translucent door.
  1980 | D:2      | Noticed Crazy Yiuf
  2040 | D:3      | Reached XP level 4. HP: 41/41 MP: 3/3
  2123 | D:3      | Reached skill level 1 in Ranged Weapons
  2271 | D:3      | Noticed a scorpion
  2278 | D:3      | Killed a scorpion
  2279 | D:3      | Reached XP level 5. HP: 47/47 MP: 4/4
  2507 | D:4      | Reached skill level 6 in Axes
  2537 | D:4      | Reached skill level 5 in Fighting
  2620 | D:4      | Reached *** piety under Trog
  2679 | D:4      | Found a glowing drain.
  2683 | Sewer    | Entered a sewer
  3029 | D:4      | Found a snail-covered altar of Cheibriados.
  3154 | D:4      | Reached XP level 6. HP: 56/56 MP: 5/5
  3306 | D:4      | Found a staircase to the Ecumenical Temple.
  3545 | D:5      | Entered Level 5 of the Dungeon
  3584 | D:5      | Reached skill level 7 in Axes
  3628 | D:5      | Identified the +5 kite shield "Xinatar" {Stlth+}
  3639 | D:5      | Found a radiant altar of Vehumet.
  3647 | D:5      | Reached skill level 1 in Shields
  3647 | D:5      | Reached XP level 7. HP: 62/62 MP: 6/6
  4081 | D:5      | Reached skill level 8 in Axes
  4120 | D:5      | Noticed Pikel
  4126 | D:5      | Killed Pikel
  4127 | D:5      | Reached skill level 9 in Axes
  4127 | D:5      | Reached XP level 8. HP: 71/71 MP: 7/7
  4425 | D:6      | Reached skill level 5 in Ranged Weapons
  4509 | D:6      | Found Fuakuzilo's Weapon Boutique.
  4634 | D:6      | Found Pazos's Weapon Emporium.
  4655 | D:6      | Bought 3 curare-tipped darts for 19 gold pieces
  4688 | D:6      | Found a runed translucent gate.
  4688 | D:6      | Found a runed translucent gate.
  4688 | D:6      | Found a runed translucent gate.
  4689 | D:6      | Noticed freelancePsychic's ghost (novice GnRe)
  4813 | D:6      | Found Muimaf Jiwk's Book Emporium.
  4926 | D:6      | Reached **** piety under Trog
  5101 | D:7      | Reached skill level 1 in Evocations
  5148 | D:7      | Reached skill level 10 in Axes
  5160 | D:6      | Reached XP level 9. HP: 79/79 MP: 8/8
  5334 | D:7      | You fall into a shaft and drop 3 floors!
  5334 | D:10     | Entered Level 10 of the Dungeon
  5462 | D:8      | Found Edeuc's Antique Weapon Emporium.
  5691 | D:8      | Reached skill level 11 in Axes
  5834 | D:7      | Upgraded the game from 0.30-a0-210-g01b79a254e to
                  | 0.30-a0-218-gedb9141078
  6249 | D:7      | Reached XP level 10. HP: 13/85 MP: 2/9
  6464 | D:6      | Bought the +3 whip "Haerog" {venom, Str+2 Int+2 SInv} for
                  | 413 gold pieces
  6559 | D:8      | Reached skill level 12 in Axes
  6616 | D:8      | Noticed Grum
  6630 | D:8      | Killed Grum
  7162 | D:9      | Found a staircase to the Lair.
  7298 | D:9      | Found a staircase to the Orcish Mines.
  7806 | D:9      | Reached skill level 13 in Axes
  8077 | Orc:1    | Entered Level 1 of the Orcish Mines
  8107 | Orc:1    | Found Imaevufi's Jewellery Boutique.
  8177 | Orc:1    | Reached skill level 5 in Evocations
  8336 | Orc:1    | Reached skill level 10 in Fighting
  8340 | Orc:1    | Noticed an orc knight
  8414 | D:9      | Killed an orc knight
  8415 | D:9      | Reached XP level 11. HP: 99/99 MP: 8/10
  8792 | Orc:2    | Entered Level 2 of the Orcish Mines
  8920 | Orc:2    | Found Aritsecw's Jewellery Emporium.
  9408 | Orc:2    | Bought a ring of flight for 262 gold pieces
  9408 | Orc:2    | Bought a ring of see invisible for 225 gold pieces
  9434 | Orc:2    | Noticed an orc high priest
  9447 | Orc:2    | Killed an orc high priest
  9448 | Orc:2    | Reached skill level 14 in Axes
  9603 | Orc:2    | Bought a +6 ring of strength for 540 gold pieces
  9684 | Orc:2    | Found Dacweug's Magic Scroll Emporium.
  9718 | Orc:2    | Reached ***** piety under Trog
  9719 | Orc:2    | Noticed an orc high priest
  9721 | Orc:2    | Noticed an orc sorcerer
  9728 | Orc:2    | Noticed a soul eater
  9729 | Orc:2    | Killed an orc high priest
  9732 | Orc:2    | Killed an orc sorcerer
  9736 | Orc:2    | Engulfed by a cloud of flame

Illustrated notes

Levels and vault maps discovered:
D:1:      scummos_arrival_forest, layout_basic
D:2:      layout_basic, basic_altar, serial_bayou_pond_a,
          minmay_misc_feat_doors, grunt_decor_mini_mirrors,
          uniq_crazy_yiuf_cottage
D:3:      layout_rooms
D:4:      layout_basic, cheibrodos_worm_habitat, temple_hall_moat,
          gup_sewer_entry_spiral, kennysheep_opposing_triangles
D:5:      layout_rooms, vehumet_crystals, uniq_pikel
D:6:      layout_loops_ring, gammafunk_ghost_split, serial_shops, shop,
          nicolae_shop_bloodbath_and_beyond, shop_coins
D:7:      layout_rooms
D:8:      layout_cave_pods, serial_shops, nicolae_diamond_shop,
          grunt_ministairs_14, uniq_grum
D:9:      layout_long_grid, dpeg_oklobed_lair, orc_0_dummy, grunt_livestock
D:10:     layout_long_grid, mainiacjoe_overflow_big_doors, wad_floor_pattern_2
Orc:1:    layout_caves, serial_shops, shop
Orc:2:    st_orc_congregation, layout_caves, basic_altar, serial_shops,
          nicolae_shop_statue_plus, shop_fountains

Skill      XL: |  1  2  3  4  5  6  7  8  9 10 11 |
---------------+----------------------------------+-----
Axes           | 4 5 6 7 9 10 11 13 14 | 14.4
Fighting       | 4 5 6 7 8 10 | 10.6
Ranged Weapons | 1 2 3 4 5 6 8 9 |  9.4
Shields        | 1 3 4 |  4.7
Evocations     | 1 3 5 |  5.2
Armour         | 4 |  4.0
Dodging        | |  2.1

Action                   |  1- 3 |  4- 6 |  7- 9 | 10-12 || total
-------------------------+-------+-------+-------+-------++-------
Melee: Hand axe          |   105 |    25 |     2 |       ||   132
       Whip              |    43 |       |       |     9 ||    52
       Headbutt          |    30 |    10 |    21 |    28 ||    89
       Trident           |       |    28 |    79 |       ||   107
       Glaive            |       |    23 |       |       ||    23
       Battleaxe         |       |       |    70 |   177 ||   247
 Fire: Sling             |    38 |    64 |    37 |    36 ||   175
       Arbalest          |       |       |       |    20 ||    20
Throw: Stone             |       |     1 |       |       ||     1
       Dart              |       |       |     2 |       ||     2
       Boomerang         |       |       |       |     2 ||     2
Invok: Berserk           |       |     3 |     9 |     4 ||    16
       Trog's Hand       |       |     1 |     3 |    10 ||    14
Evoke: Wand              |       |       |     4 |     2 ||     6
  Use: Scroll            |     6 |     2 |     9 |     3 ||    20
       Potion            |       |       |       |     1 ||     1
Armor: Animal skin       |    11 |       |       |       ||    11
       Scale mail        |    14 |       |       |       ||    14
       Chain mail        |     7 |    43 |   110 |    99 ||   259
       Plate armour      |       |       |       |    21 ||    21
Dodge: Dodged            |    62 |    37 |    53 |   101 ||   253
Block: Kite shield       |       |     1 |    45 |       ||    46

Table legend: (Time is in decaauts)
 A = Elapsed time spent in this place.
 B = Non-inter-level travel time spent in this place.
 C = Inter-level travel time spent in this place.
 D = Time resting spent in this place.
 E = Time spent auto-exploring this place.
 F = Levels seen in this place.
 G = Mean time per level.
                   A        B        C        D        E       F      G
               +--------+--------+--------+--------+--------+-----+--------+
         Total |  10064 |   9718 |    346 |   1716 |   5182 |  13 |  774.2 |
       Dungeon |   8364 |   8079 |    285 |   1430 |   4626 |  10 |  836.4 |
  Orcish Mines |   1549 |   1488 |     61 |    245 |    508 |   2 |  774.5 |
         Sewer |    150 |    150 |      0 |     41 |     47 |   1 |  150.0 |
               +--------+--------+--------+--------+--------+-----+--------+

Top non-repeatable levels by time:
     D:8: 1148 daAuts
     D:4: 1123 daAuts
     D:9: 1123 daAuts
     D:2: 1079 daAuts
     D:1: 972 daAuts
     D:6: 908 daAuts
   Orc:2: 866 daAuts
     D:7: 763 daAuts
     D:5: 725 daAuts
   Orc:1: 683 daAuts
     D:3: 478 daAuts
   Sewer: 150 daAuts
    D:10: 41 daAuts
